 Dungeon Crawl Stone Soup version 0.30-a0-726-gd89dcf765f (webtiles) character file.

Game seed: 7682870917061911646

186 garrulousMonolith the Chopper (level 5, -3/70 HPs)
             Began as a Minotaur Berserker on Jan 29, 2023.
             Was a Believer of Trog.
             Killed from afar by an orc wizard (4 damage)
             ... with a magic dart
             ... on level 3 of the Dungeon.
             The game lasted 00:02:11 (1725 turns).

garrulousMonolith the Chopper (Minotaur Berserker)  Turns: 1725, Time: 00:02:11

Health: -3/70      AC:  9    Str: 21    XL:     5   Next: 38%
Magic:  4/4        EV:  8    Int:  4    God:    Trog [**....]
Gold:   83         SH:  0    Dex: 12    Spells: 4/4 levels left

rFire   . . .      SeeInvis .    a - +0 hand axe
rCold   . . .      Faith    .    (no shield)
rNeg    . . .      Spirit   .    k - +0 chain mail
rPois   .          Reflect  .    (helmet restricted)
rElec   .          Harm     .    (no cloak)
rCorr   .          Rampage  .    (no gloves)
Will    ++...                    (no boots) Stlth
                                 (no amulet)
HPRegen 1.31/turn                (no ring)
MPRegen 0.09/turn                (no ring)

@: berserking, strong-willed (expiring), regenerating (expiring), very quick
A: horns 2, retaliatory headbutt
a: Renounce Religion, Berserk, Trog's Hand


You were on level 3 of the Dungeon.
You worshipped Trog.
Trog was pleased with you.
You visited 1 branch of the dungeon, and saw 5 of its levels.

You collected 122 gold pieces.
You spent 39 gold pieces at shops.

Inventory:

Hand Weapons
 a - a +0 hand axe (weapon)
 p - a +0 sling
Missiles
 r - 2 throwing nets (quivered)
Armour
 g - a +0 ring mail
 k - a +0 chain mail (worn)
Scrolls
 c - a scroll of silence {unknown}
 d - 4 scrolls of identify {unknown}
 e - a scroll of blinking {unknown}
 i - 2 scrolls of teleportation {unknown}
 j - a scroll of amnesia {unknown}
 n - a scroll of acquirement {unknown}
 s - a scroll of fear {unknown}
 t - a scroll of poison {unknown}
Potions
 b - 3 potions of haste {unknown}
 f - a potion of mutation {unknown}
 h - a potion of resistance {unknown}
 l - a potion of berserk rage {unknown}
 m - a potion of curing
 o - a potion of heal wounds {unknown}
 q - a potion of attraction {unknown}


   Skills:
 + Level 4.6 Fighting
 * Level 5.4 Axes
 + Level 3.7 Armour
 + Level 3.3 Dodging


You had 4 spell levels left.
You didn't know any spells.
Your spell library was empty.

Dungeon Overview and Level Annotations

Branches:
Dungeon (5/15)
 Temple: D:4-7

Altars:

Shops:
D:1 !   D:4 ?=


Innate Abilities, Weirdness & Mutations

You have a pair of horns on your head.
You reflexively headbutt those who attack you in melee.


Message History

Something hits you. The iguana attacks as you move away! The iguana bites you.
* * * LOW HITPOINT WARNING * * *
There is a stone staircase leading up here.
The iguana bites you.
* * * LOW HITPOINT WARNING * * *
You climb upwards.
Reactivating autopickup.
There is a stone staircase leading down here.
You can't go up here!
The orc priest attacks as you move away!
The orc priest hits you but does no damage.
The orc priest casts a cantrip, but nothing happens.
You hear some strange, mumbled words.
A puff of flame appears from out of thin air!
Deactivating autopickup; reactivate with Ctrl-A.
The puff of flame misses you.
Okay, then.
You hit the iguana.
The iguana is severely wounded.
The orc priest looks encouraged for a moment.
The iguana bites you!
* * * LOW HITPOINT WARNING * * *
A red film seems to cover your vision as you go berserk!
You feel yourself moving faster!
You feel mighty!
You feel the effects of Trog's Hand fading.
Something hits you but does no damage.
The iguana bites you but does no damage.
You closely miss the iguana.
The iguana is severely wounded.
You slash something! You closely miss the iguana.
The iguana is severely wounded.
You closely miss something.
The orc priest mumbles some strange prayers to Beogh against you.
Beogh smites you!
* * * LOW HITPOINT WARNING * * *
You hear some strange, mumbled words.
A magic dart appears from out of thin air!
The magic dart hits you.
You die...

..## ...#
...# ... ..
.#
#########.#.#
.......@lo..#
.##.##.#{.###
###..# ...#
#.## #.# #.#
#.#


You could see an iguana and an orc priest.

Vanquished Creatures
  A scorpion (D:5)
  A howler monkey (D:5)
  An adder (D:3)
  4 gnolls (D:5)
  An ufetubus (D:5)
  A worm (D:3)
  An orc (D:5)
  3 endoplasms
  A goblin (D:1)
  4 hobgoblins
  3 jackals (D:5)
  3 quokkas
  2 ball pythons (D:1)
  A bat (D:2)
  3 frilled lizards
  5 kobolds (D:1)
  3 rats
38 creatures vanquished.

Notes
Turn   | Place    | Note
-------+----------+-------------------------------------------
     0 | D:1      | garrulousMonolith the Minotaur Berserker began the quest
                  | for the Orb.
     0 | D:1      | Reached XP level 1. HP: 19/19 MP: 0/0
   279 | D:1      | Reached XP level 2. HP: 20/27 MP: 1/1
   371 | D:1      | Reached skill level 4 in Axes
   510 | D:1      | Found Vemonak's Distillery.
   948 | D:2      | Found a faded altar of an unknown god.
  1148 | D:2      | Reached ** piety under Trog
  1232 | D:1      | Bought a potion of curing for 39 gold pieces
  1423 | D:3      | Reached XP level 3. HP: 30/33 MP: 2/2
  1446 | D:3      | You fall into a shaft and drop 2 floors!
  1446 | D:5      | Entered Level 5 of the Dungeon
  1454 | D:5      | Noticed a scorpion
  1465 | D:5      | Killed a scorpion
  1466 | D:5      | Reached XP level 4. HP: 40/40 MP: 3/3
  1468 | D:5      | Reached skill level 5 in Axes
  1514 | D:5      | Reached XP level 5. HP: 47/47 MP: 4/4
  1702 | D:4      | Found Ibbiuch's Jewellery Shop.
  1706 | D:4      | Found Immod's Magic Scroll Shop.
  1725 | D:3      | HP: 1/70 [orc priest/divine providence (11)]
  1725 | D:3      | Killed from afar by an orc wizard

Illustrated notes

Levels and vault maps discovered:
D:1:      dpeg_arrival_windows_large_door, layout_basic, serial_shops, shop
D:2:      layout_rooms, chequers_ecumenical_altar_island
D:3:      layout_basic, mainiacjoe_overflow_boulevard,
          chequers_temple_overflow_minitemple, nicolae_ru_awakened_eye,
          serial_bayou_crossing
D:4:      layout_loops_cross, minmay_temple_entry_glassed_door, serial_shops,
          nicolae_stop_n_shop_1, nicolae_shop_crystal, shop, shop_fountains,
          nicolae_take_the_stairs
D:5:      layout_loops_ring, serial_shops, kennysheep_mini

Skill      XL: |  1  2  3  4 |
---------------+-------------+-----
Axes           | 4 5 |  5.4
Fighting       | 4 |  4.6
Armour         | 3 |  3.7
Dodging        | 3 |  3.3

Action                     |  1- 3 |  4- 6 || total
---------------------------+-------+-------++-------
  Melee: Hand axe          |    65 |    30 ||    95
         Headbutt          |     3 |     3 ||     6
         Punch             |     1 |       ||     1
 Invoke: Berserk           |     1 |     2 ||     3
         Trog's Hand       |       |     1 ||     1
   Stab: Sleeping          |     1 |       ||     1
 Armour: Animal skin       |     4 |       ||     4
         Ring mail         |     7 |       ||     7
         Chain mail        |     9 |    17 ||    26
  Dodge: Dodged            |    36 |    18 ||    54

Table legend: (Time is in decaauts)
 A = Elapsed time spent in this place.
 B = Non-inter-level travel time spent in this place.
 C = Inter-level travel time spent in this place.
 D = Time resting spent in this place.
 E = Time spent auto-exploring this place.
 F = Levels seen in this place.
 G = Mean time per level.
                   A        B        C        D        E       F      G
               +--------+--------+--------+--------+--------+-----+--------+
         Total |   1760 |   1642 |    118 |     61 |   1298 |   5 |  352.0 |
       Dungeon |   1760 |   1642 |    118 |     61 |   1298 |   5 |  352.0 |
               +--------+--------+--------+--------+--------+-----+--------+

Top non-repeatable levels by time:
     D:1: 830 daAuts
     D:2: 465 daAuts
     D:5: 273 daAuts
     D:3: 173 daAuts
     D:4: 17 daAuts
